 Dungeon Crawl Stone Soup version 0.31.0-9-g3a7656b989 (console) character file.

Game seed: 474087856136580780

53073 AlterAsc the Unseen (level 14, -14/78 HPs)
             Began as a Vampire Enchanter on Jan 29, 2024.
             Was the Champion of Wu Jian.
             Demolished by a +1 mace of holy wrath (18 damage)
             ... on level 1 of the Elven Halls.
             The game lasted 01:06:01 (16984 turns).

AlterAsc the Unseen (Vampire Enchanter)            Turns: 16984, Time: 01:06:02

Health: -14/78     AC:  7    Str:  7    XL:     14   Next: 29%
Magic:  31/31      EV: 17    Int: 23    God:    Wu Jian [******]
Gold:   657        SH:  5    Dex: 14    Spells: 0/23 levels left

rFire   + . .        C - +3 dagger (elec)
rCold   + + .        (no shield)
rNeg    + + +        A - +2 robe {rF+}
rPois   ∞            E - +0 helmet
rElec   .            (no cloak)
rCorr   +            (no gloves)
SInv    +            p - +1 pair of boots {Stlth+}
Will    +....        o - amulet of reflection Stlth *+++++++++
                     I - ring of resist corrosion
HPRegen 0.00/turn    t - ring of magical power
MPRegen 0.22/turn

%: reflection
@: about to teleport, bloodless, inhibited regen
A: bloodless, fangs 3, see invisible, vampiric 2
a: Bat Form, Revivify, Renounce Religion, Wall Jump, Serpent's Lash, Heavenly
Storm


You were on level 1 of the Elven Halls.
You worshipped Wu Jian.
Wu Jian was exalted by your worship.
You visited 5 branches of the dungeon, and saw 18 of its levels.
You also visited: Sewer and Ossuary.

You collected 1385 gold pieces.
You spent 728 gold pieces at shops.

Inventory:

Hand Weapons
 f - a +4 dagger
 g - a +1 dagger of venom
 C - a +3 dagger of electrocution (weapon)
Missiles
 u - 31 poisoned darts (quivered)
Armour
 a - +0 steam dragon scales
 p - a +1 pair of boots of stealth (worn)
 A - a +2 robe of fire resistance (worn)
 E - a +0 helmet (worn)
 S - the +0 robe "Geefasu" {rF+ Int+9}
   (You took it off a deep elf zephyrmancer on level 1 of the Elven Halls)

   Int+9:     It affects your intelligence (+9).
   rF+:       It protects you from fire.
Jewellery
 d - a ring of poison resistance
 o - an amulet of reflection (around neck)
 r - an amulet of guardian spirit
 t - a ring of magical power (right hand)
 B - an amulet of regeneration
 I - a ring of resist corrosion (left hand)
 J - an amulet of the acrobat
 N - a ring of protection from fire
Wands
 w - a wand of iceblast (3)
 D - a wand of mindburst (27)
 L - a wand of flame (4)
 R - a wand of digging (4)
Scrolls
 h - 4 scrolls of teleportation
 i - 3 scrolls of poison
 j - 3 scrolls of revelation
 k - 5 scrolls of fear
 l - 4 scrolls of amnesia
 x - 7 scrolls of noise
 y - 3 scrolls of fog
 z - 2 scrolls of vulnerability
 G - 4 scrolls of immolation
 P - a scroll of identify
 Q - 2 scrolls of enchant armour
Potions
 b - a potion of resistance {unknown}
 c - a potion of invisibility
 e - 6 potions of enlightenment
 m - 3 potions of might
 n - 13 potions of curing
 q - 4 potions of attraction
 s - 5 potions of lignification
 v - 5 potions of brilliance
 F - 2 potions of heal wounds
 H - 2 potions of magic
 K - a potion of haste {unknown}
 M - 3 potions of berserk rage
 O - a potion of ambrosia {unknown}


   Skills:
 - Level 5.0 Fighting
 - Level 11.0 Short Blades
 + Level 10.7 Dodging
 + Level 20.8 Stealth
 + Level 5.3 Spellcasting
 - Level 3.0 Conjurations
 + Level 19.3 Hexes
 - Level 3.0 Ice Magic


You couldn't memorise any spells.
You knew the following spells:

 Your Spells              Type           Power      Damage    Failure   Level
a - Ensorcelled Hibernat  Hex/Ice        100%       N/A       1%          2
b - Confusing Touch       Hex            76%        N/A       0%          3
c - Tukima's Dance        Hex            76%        N/A       0%          3
d - Dazzling Flash        Conj/Hex       100%       N/A       1%          3
e - Enfeeble              Hex            38%        N/A       2%          7
f - Yara's Violent Unrav  Hex/Alch       25%        3d11      4%          5

Your spell library contained the following spells:

 Spells                   Type           Power      Damage    Failure   Level
 Jinxbite                 Hex            100%       N/A       0%          2
 Sigil of Binding         Hex            76%        N/A       0%          3
 Dimensional Bullseye     Hex/Tloc       25%        N/A       1%          4
 Sting                    Conj/Alch      52%        1d6       4%          1
 Silence                  Hex/Air        25%        N/A       4%          5
 Summon Mana Viper        Hex/Summ       50%        N/A       4%          5
 Mercury Vapours          Alch/Air       12%        N/A       14%         2
 Mephitic Cloud           Conj/Alch/Air  10%        N/A       19%         3
 Call Canine Familiar     Summ           6%         N/A       26%         3
 Olgreb's Toxic Radiance  Alch           6%         N/A       65%         4
 Curse of Agony           Necr           6%         N/A       94%         5
 Summon Forest            Summ/Tloc      3%         N/A       94%         5
 Summon Cactus Giant      Summ           3%         N/A       100%        6


Dungeon Overview and Level Annotations

Branches:
Dungeon (11/15)            Temple (1/1) D:4            Lair (3/5) D:9
  Swamp (0/4) Lair:3        Snake (0/4) Lair:3          Orc (2/2) D:11
    Elf (1/3) Orc:2         Sewer (visited)         Ossuary (visited)

Altars:
Ashenzari
Cheibriados
Dithmenos
Fedhas
Gozag
Hepliaklqana
Kikubaaqudgha
Makhleb
Nemelex Xobeh
Okawaru
Qazlal
Ru
Sif Muna
Trog
Uskayaw
Vehumet
Wu Jian
Xom
Yredelemnul

Shops:
D:7 *   Orc:1 :   Orc:2 *(([

Annotations:
D:9 2 runed translucent doors
Lair:1 3 runed translucent doors, Flesh177's ghost, journeyman DsBe
Lair:3 exclusions: oklob plant and salamander
Orc:2 3 runed translucent doors, exclusion: obsidian statue, Kenran's ghost, adept GrFi


Innate Abilities, Weirdness & Mutations

You do not regenerate when monsters are visible.
You are frail without blood (-20% HP).
You can heal yourself when you bite living creatures.
You are immune to poison.
You have razor-sharp teeth.
You have supernaturally acute eyesight. (SInv)
You are afflicted with vampirism and can become a bat while bloodless.


Message History

The helpless deep elf pyromancer fails to defend itself.
You bite the deep elf pyromancer, and draw its blood!
You perforate the deep elf pyromancer like a sieve!!!!!
You kill the deep elf pyromancer!
The Council accepts your kill.
You see here a +0 dagger.
You see here a +0 dagger.
Things that are here:
a +4 long sword; an elf corpse You now have 657 gold pieces (gained 18).
You open the door.
There is an open door here.
A deep elf zephyrmancer comes into view.
It is wielding a +0 rapier and wearing the +0 robe "Geefasu" {rF+ Int+9}.
Found a leather armour.
You lunge at the deep elf zephyrmancer, in a flurry of attacks.
You strike the helpless deep elf zephyrmancer from behind!
You bite the deep elf zephyrmancer, and draw its blood!
You spit the deep elf zephyrmancer like a pig!!!
Lightning courses through the deep elf zephyrmancer!
You kill the deep elf zephyrmancer!
The Council accepts your kill.
Things that are here:
a +0 rapier; the +0 robe "Geefasu" {rF+ Int+9}; an elf corpse
S - the +0 robe "Geefasu" {rF+ Int+9} A +1 mace of holy wrath comes into view.
You hit the +1 mace of holy wrath but do no damage.
Your punch misses the +1 mace of holy wrath.
The +1 mace of holy wrath hits you!
You convulse!
You miss the +1 mace of holy wrath. The +1 mace of holy wrath hits you!
You convulse.
Press: ? - help, v - describe, . - travel
Here: a +1 mace of holy wrath The floor.
Unknown command.
As you read the scroll of teleportation, it crumbles to dust.
You feel strangely unstable. The +1 mace of holy wrath hits you!
You convulse!
* * * LOW HITPOINT WARNING * * *
The +1 mace of holy wrath hits you!
* * * LOW HITPOINT WARNING * * *
You convulse!!
You die...

#.... ##.... #.# ##...
#.# #### ........#
#.#### ##. ........#
#.##.## ##..
........####.#...####...
..............).....'...
........####.#...####...
#.......## #.##.## ##..
......(..###.#### ##.
.......@.......# ##
...............#
............[...#
.................#
........#..........
##.....###.....#.##.
#....# #.....#.#.# #.###
#####.#..##


You could see a +1 mace of holy wrath.

Vanquished Creatures
  Rupert (Lair:3)
  An orc warlord (Orc:1)
  Snorg (Orc:2)
  A catoblepas (Lair:1)
  4 ogre magi (Orc:2)
  3 hydras (Lair:2)
  A boulder beetle (Lair:2)
  15 two-headed ogres
  A death yak (Lair:2)
  Urug (D:10)
  A tengu warrior (D:10)
  A fire crab (Lair:3)
  A skyshark (Lair:2)
  5 deep elf pyromancers (Elf:1)
  4 deep elf zephyrmancers (Elf:1)
  2 ugly things
  5 black mambas
  7 cane toads
  An unseen horror (D:11)
  9 komodo dragons
  A rime drake (Lair:2)
  A troll (D:11)
  A polar bear (Lair:2)
  A blink frog (Lair:2)
  A shadow (D:11)
  6 wyverns
  47 yaks
  Sigmund (D:5)
  2 wraiths (D:11)
  9 vampire mosquitoes
  3 basilisks
  5 steam dragons
  3 wargs
  Edmund (D:5)
  2 nagas (Lair:3)
  Duvessa (D:5)
  An acid dragon (D:8)
  9 water moccasins
  A sky beast (D:7)
  An ice beast (D:6)
  6 orc warriors
  A black bear (Lair:3)
  3 centaurs
  20 ogres
  2 crocodiles (Sewer)
  3 kobold brigands
  19 bullfrogs
  3 elf zombies (Ossuary)
  3 scorpions (D:6)
  Dowan (D:5)
  17 killer bees
  8 wights
  5 howler monkeys
  2 electric eels (D:7)
  3 centaur zombies (Ossuary)
  A human zombie (Ossuary)
  2 jellies
  4 orc priests
  3 hounds
  Ijyb (D:5)
  5 iguanas
  6 orc wizards
  4 hell rats (Lair:1)
  A sickly merfolk siren (Sewer)
  A malarious merfolk avatar (Sewer)
  8 hound zombies (Ossuary)
  2 mummies (Ossuary)
  A gnoll (D:1)
  12 adders
  A white imp (D:6)
  2 ufetubi (D:6)
  4 adder zombies (Ossuary)
  3 ribbon worms
  21 orcs
  10 ball pythons
  4 bats
  6 endoplasms
  6 giant cockroaches
  4 gnoll zombies (Ossuary)
  9 goblins
  3 hobgoblins
  13 kobolds
  6 quokkas
  8 frilled lizards
  3 jackal zombies (Ossuary)
  6 kobold zombies (Ossuary)
  5 orc zombies (Ossuary)
  28 rats
  A rat zombie (D:6)
452 creatures vanquished.

Vanquished Creatures (collateral kills)
  3 two-headed ogres (Orc:2)
  A warg (Orc:2)
  7 ogres (Orc:2)
  3 wights (D:8)
14 creatures vanquished.

Vanquished Creatures (others)
  4 dancing weapons
  A killer bee (D:11)
5 creatures vanquished.

Grand Total: 471 creatures vanquished

Notes
Turn   | Place    | Note
-------+----------+-------------------------------------------
     0 | D:1      | AlterAsc the Vampire Enchanter began the quest for the Orb.
     0 | D:1      | Reached XP level 1. HP: 13/13 MP: 3/3
   231 | D:1      | Reached XP level 2. HP: 15/15 MP: 5/5
   234 | D:1      | Learned a level 2 spell: Ensorcelled Hibernation
   243 | D:1      | Reached skill level 5 in Stealth
   268 | D:1      | Reached skill level 5 in Hexes
   842 | D:2      | Gained mutation: You are afflicted with vampirism and can
                  | become a bat while bloodless. [Vampire growth]
   842 | D:2      | Reached XP level 3. HP: 19/19 MP: 6/6
   942 | D:2      | Found a faded altar of an unknown god.
   955 | D:2      | Reached skill level 1 in Ice Magic
  1160 | D:2      | Reached skill level 6 in Stealth
  1249 | D:2      | Reached XP level 4. HP: 24/24 MP: 7/7
  1976 | D:3      | Found an iron altar of Okawaru.
  2030 | D:3      | Learned a level 3 spell: Confusing Touch
  2099 | D:3      | You fall into a shaft and drop 1 floor!
  2227 | D:3      | Found a bloodstained altar of Trog.
  2374 | D:3      | Found a basalt altar of Yredelemnul.
  2532 | D:4      | Reached XP level 5. HP: 27/28 MP: 5/8
  2601 | D:4      | Found an opulent altar of Gozag.
  2787 | D:4      | Found a shimmering blue altar of Sif Muna.
  2847 | D:4      | Found a staircase to the Ecumenical Temple.
  2853 | Temple   | Entered the Ecumenical Temple
  2857 | Temple   | Became a worshipper of the Wu Jian Council
  2995 | D:4      | Reached skill level 7 in Stealth
  3074 | D:4      | Found Loakhlux's Serpentskin Sales.
  3074 | D:4      | Noticed a water moccasin
  3078 | D:4      | Killed a water moccasin
  3079 | D:4      | Reached XP level 6. HP: 32/32 MP: 8/10
  3270 | D:5      | Entered Level 5 of the Dungeon
  3325 | D:5      | Noticed Sigmund
  3328 | D:5      | Killed Sigmund
  3329 | D:5      | Reached skill level 8 in Stealth
  3432 | D:5      | Found a glowing drain.
  3432 | D:5      | Noticed Duvessa
  3432 | D:5      | Noticed Dowan
  3446 | D:5      | Reached XP level 7. HP: 36/36 MP: 8/11
  3478 | D:5      | Killed Dowan
  3484 | D:5      | Killed Duvessa
  3523 | Sewer    | Entered a sewer
  3549 | Sewer    | Reached * piety under Wu Jian
  3575 | Sewer    | Learned a level 3 spell: Tukima's Dance
  3686 | Sewer    | Reached skill level 9 in Stealth
  3960 | D:5      | Found a snail-covered altar of Cheibriados.
  4009 | D:5      | Reached ** piety under Wu Jian
  4010 | D:5      | Reached XP level 8. HP: 41/41 MP: 9/12
  4096 | D:5      | Noticed Edmund
  4101 | D:5      | Killed Edmund
  4102 | D:5      | Reached skill level 5 in Short Blades
  4214 | D:5      | Reached skill level 1 in Fighting
  4268 | D:5      | Noticed Ijyb
  4273 | D:5      | Killed Ijyb
  4570 | D:6      | Found a sand-covered staircase.
  4588 | D:6      | Reached skill level 10 in Stealth
  4630 | Ossuary  | Entered an ossuary
  5014 | Ossuary  | Reached *** piety under Wu Jian
  5026 | Ossuary  | Reached skill level 10 in Hexes
  5185 | D:6      | Reached skill level 11 in Stealth
  5185 | D:6      | Reached XP level 9. HP: 50/50 MP: 8/13
  5650 | D:6      | Found a shimmering altar of Xom.
  5767 | D:7      | Found Misaqah's Assorted Antiques.
  5775 | D:7      | Bought a blackened marble ring for 150 gold pieces
  6430 | D:7      | Reached skill level 12 in Stealth
  6932 | D:8      | Identified the +5 mace of Ocead {spect, ^Contam rN++ Str+2}
  7102 | D:8      | HP: 1/50 [wight/+8 halberd (14)]
  7658 | D:8      | Reached **** piety under Wu Jian
  7662 | D:8      | Reached skill level 13 in Stealth
  7894 | D:9      | Reached XP level 10. HP: 56/56 MP: 7/14
  8016 | D:9      | Found a runed translucent door.
  8018 | D:9      | Found a runed translucent door.
  8122 | D:9      | Found a staircase to the Lair.
  8286 | D:9      | Reached skill level 14 in Stealth
  9074 | D:10     | Entered Level 10 of the Dungeon
  9141 | D:10     | Noticed Urug
  9149 | D:10     | Killed Urug
  9150 | D:10     | Reached skill level 10 in Short Blades
  9150 | D:10     | Reached skill level 15 in Stealth
  9198 | D:10     | Identified the +3 battleaxe of Xubaudd {heavy, SInv}
  9319 | D:10     | Noticed a cyan ugly thing
  9319 | D:10     | Noticed a tengu warrior
  9320 | D:10     | Killed a tengu warrior
  9321 | D:10     | Reached XP level 11. HP: 60/60 MP: 15/15
  9322 | D:10     | Killed a cyan ugly thing
  9445 | D:10     | Reached ***** piety under Wu Jian
  9575 | Lair:1   | Entered Level 1 of the Lair of Beasts
  9650 | Lair:1   | Noticed a catoblepas
  9656 | Lair:1   | Killed a catoblepas
  9696 | Lair:1   | Reached skill level 16 in Stealth
  9766 | Lair:1   | Learned a level 3 spell: Dazzling Flash
 10032 | Lair:1   | Reached skill level 15 in Hexes
 10159 | Lair:1   | Reached skill level 1 in Conjurations
 10275 | Lair:1   | Noticed Flesh177's ghost (journeyman DsBe)
 10285 | Lair:1   | Noticed a minotaur
 10406 | Lair:1   | Found a runed translucent gate.
 10406 | Lair:1   | Found a runed translucent gate.
 10406 | Lair:1   | Found a runed translucent gate.
 10582 | Lair:2   | Noticed a skyshark
 10586 | Lair:2   | Killed a skyshark
 10777 | Lair:2   | Noticed a five-headed hydra
 10921 | Lair:2   | Noticed a seven-headed hydra
 10927 | Lair:2   | Killed a seven-headed hydra
 10928 | Lair:2   | Reached XP level 12. HP: 66/66 MP: 12/18
 11004 | Lair:2   | Killed a five-headed hydra
 11113 | Lair:2   | Noticed a boulder beetle
 11117 | Lair:2   | Killed a boulder beetle
 11292 | Lair:2   | Noticed a six-headed hydra
 11293 | Lair:2   | Noticed a death yak
 11295 | Lair:2   | Reached skill level 17 in Stealth
 11297 | Lair:2   | Killed a six-headed hydra
 11298 | Lair:2   | Reached skill level 5 in Dodging
 11301 | Lair:2   | Killed a death yak
 11341 | Lair:2   | Reached skill level 5 in Fighting
 11344 | Lair:2   | Reached skill level 5 in Spellcasting
 12079 | Lair:3   | Noticed Rupert
 12095 | Lair:3   | Killed Rupert
 12096 | Lair:3   | Reached skill level 18 in Stealth
 12162 | Lair:3   | Reached XP level 13. HP: 66/72 MP: 10/20
 12802 | Lair:3   | Found a staircase to the Swamp.
 13109 | Lair:3   | Found a staircase to the Snake Pit.
 13483 | D:11     | Reached ****** piety under Wu Jian
 13722 | D:11     | Reached skill level 19 in Stealth
 13985 | D:11     | Found a staircase to the Orcish Mines.
 14169 | Orc:1    | Entered Level 1 of the Orcish Mines
 14169 | Orc:1    | Noticed an orc warlord
 14178 | Orc:1    | Killed an orc warlord
 14379 | Orc:1    | Found Rupol's Book Shoppe.
 14391 | Orc:1    | Bought a book of Misfortune for 578 gold pieces
 14481 | Orc:2    | Entered Level 2 of the Orcish Mines
 14499 | Orc:2    | Found a radiant altar of Vehumet.
 14513 | Orc:2    | Found a staircase to the Elven Halls.
 14586 | Orc:2    | Learned a level 7 spell: Enfeeble
 15368 | Orc:2    | Noticed Snorg
 15394 | Orc:2    | Found Ymuth's Weapon Shoppe.
 15394 | Orc:2    | Found Zuceffya's General Store.
 15394 | Orc:2    | Found Oturr's Antique Armour Boutique.
 15394 | Orc:2    | Found Womatust's Weapon Shoppe.
 15405 | Orc:2    | Reached skill level 20 in Stealth
 15564 | Orc:2    | Killed Snorg
 15765 | Orc:2    | Reached skill level 10 in Dodging
 15874 | Orc:2    | Reached XP level 14. HP: 61/78 MP: 12/21
 16058 | Orc:2    | Found a runed translucent gate.
 16058 | Orc:2    | Found a runed translucent gate.
 16058 | Orc:2    | Found a runed translucent gate.
 16731 | Orc:2    | Found an opulent altar of Gozag.
 16732 | Orc:2    | Noticed Kenran's ghost (adept GrFi)
 16862 | Elf:1    | Entered Level 1 of the Elven Halls
 16871 | Elf:1    | Learned a level 5 spell: Yara's Violent Unravelling
 16885 | Elf:1    | Found a radiant altar of Vehumet.
 16963 | Elf:1    | Identified the +0 robe "Geefasu" {rF+ Int+9}
 16984 | Elf:1    | Demolished by a +1 mace of holy wrath

Illustrated notes

Levels and vault maps discovered:
D:1:      mainiacjoe_arrival_oval_in_oval, layout_basic
D:2:      minmay_razor_zed, layout_rooms,
          hellmonk_ecumenical_altar_pennies_from_heaven,
          kennysheep_cross_bottleneck
D:3:      layout_rooms, amcnicky_altar_gilded, lemuel_doored_altar,
          elyvilon_altar_5, mainiacjoe_overflow_24_doors
D:4:      layout_basic, nicolae_sif_muna_condensation, old_standard_altar,
          temple_green, st_stairs_6, guppyfry_shop_venom
D:5:      layout_basic, cheibriados_altar_1, cheibrodos_sewer_entry_drain,
          uniq_duvessa, uniq_ijyb, uniq_edmund, uniq_sigmund
D:6:      hellmonk_ruined_rings, layout_basic, nicolae_overflow_hidden_temple,
          enter_ossuary_3, minivault_25
D:7:      layout_gridville, serial_rivers, chequers_serial_rivers_room_b,
          chequers_serial_rivers_marsh, chequers_serial_rivers_large_b,
          chequers_serial_rivers_small_b, serial_shops, shop, minivault_14
D:8:      layout_basic, serial_park_tiny_2
D:9:      lemuel_insect_pit, layout_basic, minmay_lair_entry_grove
D:10:     layout_basic, minmay_checkerbox, uniq_urug
D:11:     layout_loops_ring, orc_0_dummy
Temple:   nicolae_temple_bog_church
Lair:1:   layout_regular_city, maelrawn_ghost_gauntlet_escape,
          infiniplex_staircase_pool, lemuel_fruit_tree
Lair:2:   nzn_winding_woodlands_small [nzn_winding_woodlands_5x15_pockets,
          nzn_winding_woodlands_center_lodge, nzn_winding_woodlands_5x15_pool],
          layout_cave_shapes, serial_bayou_shore_b, serial_bayou_shore_a,
          infiniplex_staircase_pool_2
Lair:3:   layout_roguey, minmay_swamp_entry_swarm, alex1729_snake_entry_snake,
          minmay_lair_oklob_bushes, uniq_rupert
Orc:1:    layout_caves, hellmonk_ghost_happy_afterlife, serial_shops,
          shop_fountains
Orc:2:    st_orc_ogre_mass, layout_caves, basic_altar, ebering_ghost_gozag,
          nicolae_orc_lost_temple, uniq_snorg
Elf:1:    eino_elf_arrival_altar, layout_loops_corners, minmay_elf_necromancy,
          minmay_librarian

Skill      XL: |  1  2  3  4  5  6  7  8  9 10 11 12 13 14 |
---------------+-------------------------------------------+-----
Stealth        | 5 6 7 8 9 11 13 15 16 18 20 | 20.8
Hexes          | 5 6 7 8 10 12 14 15 16 18 19 | 19.3
Ice Magic      | 1 2 3 |  3.0
Short Blades   | 2 3 4 6 8 10 11 | 11.0
Spellcasting   | 3 4 5 |  5.3
Fighting       | 3 4 5 |  5.0
Conjurations   | 2 3 |  3.0
Dodging        | 3 7 10 | 10.7

Action                     |  1- 3 |  4- 6 |  7- 9 | 10-12 | 13-15 || total
---------------------------+-------+-------+-------+-------+-------++-------
  Melee: Dagger            |    53 |    65 |   391 |   229 |   345 ||  1083
         Bite              |     5 |     3 |    41 |    15 |    44 ||   108
         Punch             |       |     1 |     6 |     4 |     5 ||    16
  Throw: Dart              |       |       |     1 |       |       ||     1
   Cast: Ensorcelled Hiber |     9 |    13 |    31 |   106 |   112 ||   271
         Confusing Touch   |       |       |    31 |     6 |    15 ||    52
         Tukima's Dance    |       |       |     4 |       |    31 ||    35
         Dazzling Flash    |       |       |       |     1 |    10 ||    11
Ability: Exsanguinate      |     1 |       |       |       |       ||     1
         Lunge             |       |     9 |    68 |    57 |    49 ||   183
         Whirlwind         |       |       |    64 |    19 |    47 ||   130
    Use: Scroll            |       |     7 |     7 |     7 |     8 ||    29
         Potion            |       |       |     3 |     1 |     5 ||     9
   Stab: Sleeping          |    19 |    31 |    75 |   114 |    66 ||   305
         Confused          |       |       |    26 |     5 |    12 ||    43
         Distracted        |       |       |     3 |       |     4 ||     7
         Invisible         |       |       |       |     2 |     7 ||     9
 Armour: Robe              |    13 |    24 |   127 |    75 |   109 ||   348
  Dodge: Dodged            |    18 |    21 |   121 |    73 |   143 ||   376
  Block: Other             |       |     6 |    49 |    30 |    48 ||   133
         Reflection        |       |     1 |     1 |     1 |     1 ||     4
